Map: Reclamation LE

Players

Joe - Winner!

  • Race: Zerg Zerg
  • Spawn Location: 11:00

GabrielOgres - Winner!

  • Race: Protoss Protoss
  • Spawn Location: 12:00

Nyck

  • Race: Terran Terran
  • Spawn Location: 5:00

Ekelpack

  • Race: Zerg Zerg
  • Spawn Location: 6:00

VOD

Have the link to the VOD?

Description

Time

  • Played on: Aug. 20, 2024, 11:48 a.m.
  • Length: 17:10
Show
View Real Time Build Order
Export as new Build Order

Joe Zerg - Winner!

Build Orders: Hatch First 

Get SALT Encoding   

  12  0:03  Drone  
  13  0:08  Drone  
  14  0:26  Extractor  
  14  0:28  Extractor  
  12  0:29  Drone x2  
  12  0:34  Overlord  
  16  0:55  Drone  
  16  0:57  Drone  
  18  1:05  Hatchery  
  17  1:14  Spawning Pool  
  17  1:15  Drone  
  17  1:18  Drone  
  18  1:21  Extractor  
  17  1:30  Drone  
  18  1:38  Drone  
  19  1:45  Overlord  
  19  2:01  Zergling x2  
  20  2:02  Queen  
  22  2:09  Zergling x2  
  23  2:18  Drone  
  23  2:19  Queen  
  26  2:23  Zergling x2  
  26  2:24  Metabolic Boost  
  27  2:33  Spine Crawler  
  27  2:34  Drone  
  27  2:42  Zergling x4  
  29  2:45  Zergling x2  
  31  2:51  Drone  
  31  2:53  Unknown  
  30  3:00  Lair  
  30  3:02  Zergling x2  
  30  3:03  Zergling x2  
  32  3:09  Drone  
  33  3:15  Zergling x2  
  33  3:16  Zergling x4  
  36  3:23  Overlord  
  36  3:31  Overlord  
  36  3:42  Zergling x4  
  36  3:43  Zergling x6  
  28  5:11  Drone  
  28  5:12  Drone x2  
  28  5:17  Spore Crawler  
  27  5:21  Spore Crawler  
  27  5:23  Queen, Overlord  
  27  5:28  Spore Crawler  
  27  5:32  Spore Crawler  
  27  5:34  Hydralisk Den  
  25  5:37  Extractor  
  25  5:41  Spore Crawler  
  23  5:44  Spore Crawler  
  23  5:47  Spore Crawler  
  23  5:48  Spore Crawler  
  23  5:49  Drone x4  
  24  5:51  Spore Crawler  
  23  6:02  Drone x4  
  27  6:08  Overlord x2  
  27  6:10  Grooved Spines  
  27  6:12  Drone x2  
  29  6:29  Overlord x2  
  29  6:32  Hydralisk  
  29  6:39  Spore Crawler  
  28  6:48  Hydralisk  
  28  6:49  Hydralisk  
  30  7:00  Muscular Augments  
  30  7:04  Drone  
  30  7:05  Drone x2  
  33  7:23  Hydralisk  
  33  7:24  Hydralisk x3  
  33  7:25  Hydralisk  
  43  7:34  Drone x4  
  47  7:39  Drone  
  47  7:40  Drone  
  49  7:54  Zergling x6  
  49  7:55  Zergling x2  
  53  8:14  Hatchery  
  52  8:21  Overlord  
  52  8:35  Overlord  
  52  8:37  Hydralisk x2  
  52  8:38  Hydralisk  
  52  8:39  Hydralisk  
  52  8:40  Hydralisk  
  62  8:45  Drone x3  
  65  8:49  Unknown  
  64  8:55  Spore Crawler  
  64  9:02  Drone  
  64  9:04  Pneumatized Carapace  
  64  9:05  Drone  
  64  9:06  Drone  
  66  9:13  Drone x2  
  68  9:18  Queen  
  70  9:28  Drone, Spore Crawler  
  70  9:32  Drone x3  
  73  9:41  Evolution Chamber  
  72  9:54  Drone x2  
  74  10:00  Extractor  
  74  10:03  Hydralisk x3, Extractor  
  74  10:04  Overlord  
  74  10:05  Overlord  
  78  10:07  Zerg Missile Weapons Level 1  
  48  10:54  Hydralisk x3  
  55  10:57  Drone x3  
  55  10:58  Queen  
  55  11:02  Hydralisk x5  
  55  11:03  Hydralisk x3  
  75  11:09  Drone  
  76  11:17  Hatchery  
  75  11:19  Drone  
  75  11:20  Drone  
  75  11:25  Overlord x2  
  77  11:30  Hydralisk  
  79  11:33  Hydralisk x2  
  79  11:34  Hydralisk x2  
  79  11:39  Drone  
  88  11:51  Drone  
  88  11:53  Drone  
  90  11:58  Hydralisk  
  90  11:59  Hydralisk x3  
  90  12:00  Hydralisk  
  90  12:01  Hydralisk  
  100  12:03  Hydralisk  
  104  12:08  Zerg Missile Weapons Level 2  
  104  12:10  Overseer  
  104  12:13  Drone  
  104  12:15  Drone  
  106  12:29  Hydralisk x3  
  112  12:41  Drone x2  
  114  12:51  Hydralisk x3  
  120  13:00  Overlord x2  
  120  13:02  Hatchery  
  119  13:08  Overlord x2  
  119  13:13  Drone  
  121  13:20  Drone x4  
  124  13:31  Hydralisk x4  
  124  13:33  Hydralisk  
  124  13:34  Hydralisk x2  
  138  13:43  Drone x2  
  138  13:44  Drone  
  138  13:46  Queen  
  143  13:51  Overlord x3  
  143  14:08  Spore Crawler, Overlord x3  
  142  14:25  Zerg Ground Armor Level 1  
  142  14:28  Hydralisk x5  
  142  14:30  Hydralisk x2  
  142  14:31  Hydralisk  
  156  14:37  Lurker Den  
  156  14:38  Hydralisk x3  
  157  14:39  Hydralisk x2  
  167  14:48  Infestation Pit  
  166  14:55  Drone x3  
  169  15:02  Overlord x2  
  169  15:03  Overlord  
  169  15:14  Drone x3  
  152  15:59  Hydralisk x3  
Show
View Real Time Build Order
Export as new Build Order

GabrielOgres Protoss - Winner!

Build Orders:  

Get SALT Encoding   

  12  0:01  Probe (Chrono Boost)  
  13  0:10  Probe (Chrono Boost)  
  14  0:15  Probe (Chrono Boost)  
  15  0:24  Pylon  
  15  0:46  Gateway  
  15  0:48  Forge  
  15  0:51  Probe  
  16  1:03  Probe  
  17  1:06  Assimilator  
  17  1:10  Assimilator  
  17  1:15  Probe  
  18  1:28  Probe  
  18  1:30  Photon Cannon  
  19  1:34  Zealot  
  21  1:46  Probe  
  22  1:47  Cybernetics Core  
  22  1:58  Probe  
  22  1:59  Pylon  
  23  2:18  Probe  
  23  2:21  Photon Cannon  
  24  2:30  Robotics Facility  
  24  2:34  Shield Battery  
  24  2:38  Probe  
  25  2:50  Stargate  
  25  2:52  Probe  
  25  2:57  Pylon  
  26  3:06  Probe  
  26  3:09  Stalker  
  29  3:23  Immortal  
  33  3:27  Probe  
  38  3:44  Probe  
  38  3:46  Void Ray  
  39  4:09  Nexus  
  39  4:15  Pylon  
  43  4:39  Void Ray  
  43  4:48  Protoss Air Weapons Level 1, Stalker  
  45  5:16  Photon Cannon  
  45  5:20  Pylon, Immortal  
  49  5:27  Phoenix  
  49  5:31  Probe  
  50  5:36  Probe  
  51  5:44  Shield Battery  
  51  5:45  Probe, Photon Cannon  
  51  5:48  Probe  
  53  5:56  Phoenix  
  55  5:59  Probe  
  55  6:00  Probe  
  57  6:22  Photon Cannon  
  57  6:23  Phoenix  
  59  6:28  Photon Cannon  
  59  6:32  Pylon  
  59  7:05  Phoenix  
  61  7:13  Assimilator  
  61  7:16  Protoss Shields Level 1  
  61  7:17  Assimilator  
  61  7:19  Probe x2  
  63  7:30  Phoenix  
  63  7:31  Protoss Air Armor Level 1, Probe x2  
  67  7:37  Stargate  
  67  7:43  Probe x2  
  69  7:55  Probe x2  
  69  7:58  Phoenix  
  73  8:07  Probe  
  73  8:08  Probe  
  75  8:19  Probe  
  76  8:20  Probe  
  77  8:30  Pylon  
  77  8:31  Pylon  
  77  8:32  Probe  
  77  8:33  Pylon  
  78  8:41  Nexus  
  78  8:42  Fleet Beacon  
  78  8:43  Assimilator  
  78  8:47  Assimilator  
  78  8:48  Probe, Phoenix x2  
  83  8:55  Pylon  
  83  8:57  Pylon  
  83  8:58  Pylon  
  83  9:04  Probe x2  
  85  9:11  Observer  
  85  9:16  Phoenix x2  
  90  9:31  Anion Pulse-Crystals  
  87  10:04  Photon Cannon  
  87  10:05  Photon Cannon  
  87  10:07  Photon Cannon  
  87  10:09  Photon Cannon  
  87  10:11  Photon Cannon  
  87  10:12  Probe x3  
  87  10:13  Photon Cannon  
  90  10:17  Shield Battery  
  90  10:19  Shield Battery  
  90  10:21  Shield Battery  
  90  10:26  Immortal  
  62  10:58  Phoenix x2  
  62  11:14  Stargate  
  62  11:15  Stargate  
  62  11:16  Stargate  
  62  11:21  Immortal  
  66  11:31  Phoenix x2  
  70  11:48  Twilight Council  
  70  11:53  Protoss Air Weapons Level 2  
  70  12:00  Immortal  
  70  12:01  Protoss Ground Weapons Level 1  
  86  12:11  Void Ray x3  
  86  12:25  Probe x3  
  97  12:46  Void Ray x2  
  97  12:52  Immortal  
  97  12:56  Pylon  
  105  12:59  Pylon  
  105  13:04  Void Ray, Flux Vanes  
  104  13:49  Nexus  
  104  13:50  Pylon  
  104  13:53  Pylon  
  104  13:54  Pylon  
  104  13:56  Assimilator, Pylon  
  104  13:57  Pylon  
  104  13:59  Assimilator  
  104  14:01  Immortal  
  89  14:37  Void Ray x5  
  101  15:02  Immortal  
  105  15:14  Nexus  
  105  15:18  Robotics Facility  
  105  15:22  Robotics Facility  
  105  15:24  Nexus  
  76  16:15  Immortal  
  80  16:25  Void Ray x2  
  80  17:00  Assimilator  
  80  17:03  Assimilator  
Show
View Real Time Build Order
Export as new Build Order

Nyck Terran 

Build Orders: 2 Factory 

Get SALT Encoding   

  12  0:00  SCV  
  14  0:14  SCV  
  14  0:21  Supply Depot  
  14  0:26  SCV  
  15  0:43  SCV  
  15  0:45  Barracks  
  16  0:50  Refinery  
  16  0:55  SCV  
  17  1:07  SCV  
  18  1:19  SCV  
  19  1:32  Orbital Command  
  19  1:34  Supply Depot  
  19  1:51  Factory  
  19  1:54  Refinery  
  19  2:00  SCV  
  20  2:12  SCV  
  21  2:20  Command Center  
  22  2:30  SCV  
  22  2:35  Factory, Factory Reactor  
  22  2:42  SCV  
  23  2:54  SCV  
  24  3:06  SCV  
  25  3:18  Cyclone x2  
  29  3:20  Factory Reactor  
  29  3:38  SCV  
  30  3:50  SCV  
  30  3:51  Cyclone x2  
  35  3:57  Cyclone x2  
  35  4:02  SCV, Refinery  
  40  4:03  Refinery  
  38  4:14  SCV  
  38  4:23  Cyclone x2  
  42  4:29  Cyclone x2  
  39  5:34  SCV  
  40  5:46  SCV, Cyclone x2  
  45  5:54  Cyclone x2  
  48  6:25  SCV x2  
  50  6:26  Cyclone  
  50  6:31  Refinery  
  52  6:33  Refinery  
  52  6:37  SCV x2  
  54  7:00  Cyclone  
  54  7:02  Cyclone  
  54  7:23  Supply Depot  
  54  7:24  Supply Depot  
  54  7:36  Barracks Tech Lab  
  54  7:44  SCV x2  
  54  7:45  Supply Depot, Factory Tech Lab  
  54  7:47  Supply Depot  
  56  7:51  Factory Tech Lab  
  56  7:56  SCV x2  
  58  8:25  Armory  
  58  8:41  Orbital Command  
  58  8:46  SCV  
  59  8:58  SCV  
  60  9:08  Command Center  
  60  9:10  SCV  
  60  9:13  Thor  
  60  9:15  Thor  
  73  9:20  Terran Vehicle And Ship Armor Level 1  
  73  9:36  SCV, Factory  
  74  9:56  Thor  
  74  9:58  Thor  
  86  10:14  Hurricane Engines  
  86  10:25  Supply Depot  
  79  10:39  Thor  
  79  10:41  Thor  
  85  10:49  Supply Depot  
  79  11:07  Thor  
  85  11:15  SCV x2  
  87  11:22  Thor  
  87  11:23  Thor  
  99  11:28  SCV  
  100  11:33  SCV  
  101  11:40  SCV  
  101  11:45  SCV  
  103  11:50  Thor  
  103  11:52  SCV  
  110  12:01  Orbital Command  
  110  12:04  SCV  
  110  12:05  Thor  
  110  12:06  Thor  
  123  12:10  SCV  
  124  12:16  SCV  
  124  12:21  Supply Depot  
  124  12:22  SCV  
  126  12:24  Marine x2  
  128  12:33  Thor  
  128  12:36  Terran Vehicle And Ship Armor Level 2  
  134  12:42  Marine x2  
  134  12:43  SCV  
  137  12:45  Supply Depot  
  137  12:47  Thor  
  137  12:50  Thor  
  149  12:56  Refinery  
  149  13:01  Refinery  
  149  13:06  SCV x3, Marine x2  
  149  13:10  Supply Depot  
  154  13:18  SCV  
  155  13:24  Marine x2  
  157  13:32  SCV, Thor  
  157  13:34  Supply Depot  
  164  13:44  SCV  
  165  13:55  Thor  
  171  13:58  SCV x2  
  171  14:01  SCV  
  170  14:03  Thor  
  160  14:14  Thor  
  144  14:33  SCV x3  
  144  14:38  Thor  
  153  14:46  Thor  
  159  15:14  Thor  
  159  15:17  SCV x3  
  168  15:29  SCV x2  
  168  15:30  SCV  
  171  15:37  Thor  
  171  15:39  Thor  
  81  16:25  Thor x2  
  81  16:26  Thor  
Show
View Real Time Build Order
Export as new Build Order

Ekelpack Zerg 

Build Orders: Pool First 

Get SALT Encoding   

  12  0:00  Drone  
  13  0:09  Drone  
  14  0:17  Overlord  
  14  0:26  Drone, Extractor  
  14  0:44  Spawning Pool, Drone  
  14  0:48  Drone  
  15  0:52  Drone  
  16  0:59  Drone  
  17  1:05  Extractor  
  17  1:06  Drone  
  17  1:17  Drone  
  18  1:30  Drone  
  18  1:31  Queen  
  21  1:39  Overlord  
  21  1:51  Drone  
  22  2:08  Hatchery  
  21  2:15  Lair  
  21  2:23  Drone  
  21  2:25  Drone  
  21  2:28  Drone  
  24  2:34  Drone  
  25  2:41  Drone x2  
  27  2:47  Overlord  
  27  2:51  Drone  
  28  3:00  Drone  
  29  3:17  Drone x2  
  29  3:18  Spire  
  30  3:22  Extractor  
  30  3:25  Extractor  
  28  3:34  Drone x3  
  28  3:39  Queen  
  33  3:50  Overlord  
  33  3:58  Drone  
  22  4:29  Spine Crawler  
  22  4:31  Mutalisk x6  
  33  4:45  Queen  
  26  5:05  Drone x4  
  29  5:22  Drone  
  30  5:32  Drone  
  31  5:39  Drone  
  31  5:42  Zerg Flyer Weapons Level 1  
  31  5:57  Drone x4  
  34  6:07  Drone  
  35  6:19  Drone  
  36  6:37  Mutalisk x3  
  42  6:43  Hatchery  
  41  6:54  Drone x2, Spore Crawler  
  41  6:55  Drone  
  43  7:25  Drone x2  
  45  7:33  Hydralisk Den  
  44  7:38  Zerg Flyer Weapons Level 2  
  44  7:39  Evolution Chamber  
  43  7:49  Drone x3  
  43  7:50  Overlord  
  46  7:56  Drone  
  46  7:57  Overlord  
  47  8:01  Queen  
  49  8:17  Hydralisk x4  
  57  8:27  Grooved Spines  
  57  8:28  Zerg Missile Weapons Level 1  
  57  8:30  Drone x2  
  59  9:13  Hydralisk x4  
  59  9:14  Overlord x2  
  67  9:17  Muscular Augments  
  67  9:33  Hydralisk x4  
  75  9:52  Hydralisk x3  
  69  10:08  Hydralisk x3  
  75  10:15  Evolution Chamber  
  44  10:49  Mutalisk  
  44  10:50  Hydralisk x2, Mutalisk  
  44  10:51  Hydralisk x3  
  58  11:17  Hatchery  
  57  11:21  Zerg Missile Weapons Level 2  
  57  11:25  Zerg Ground Armor Level 1  
  57  11:35  Hydralisk  
  59  11:55  Hydralisk x4  
  67  12:03  Infestation Pit  
  66  12:19  Drone x4  
  70  12:40  Drone x2  
  70  12:42  Drone x6  
  70  12:43  Drone  
  79  12:54  Hive  
  79  13:11  Drone x2  
  81  13:14  Extractor x2  
  81  13:15  Overlord x2  
  81  13:17  Drone x4  
  83  13:24  Overlord  
  81  13:40  Zerg Ground Armor Level 2  
  75  13:46  Hydralisk x4  
  75  13:47  Hydralisk  
  85  14:00  Zergling x4  
  87  14:09  Infestor  
  89  14:15  Neural Parasite  
  89  14:19  Zerg Missile Weapons Level 3  
  89  14:25  Drone  
  89  14:30  Overlord x2, Hydralisk  
  89  14:31  Hydralisk x5  
  102  14:56  Infestor  
  102  14:57  Hydralisk x6  
  102  14:58  Hydralisk x2  
  120  15:02  Overlord  
  120  15:09  Overlord  
  52  15:50  Hydralisk x2  
  52  15:51  Hydralisk x6  
  52  15:52  Hydralisk x4  
  76  16:07  Hydralisk  
  76  16:08  Hydralisk x7  
Tags
 
Add a new tag
Caveats
  • Supply blocks, unpowered buildings, or Contaminate may cause inaccurate times.
  • Supply counts are checked every 10 seconds.